 Dungeon Crawl Stone Soup version 0.31.0-2-g5a2aebc5c2 (webtiles) character file.

Game seed: 4166372481233735284

101 bpung the Changeling (level 4, 0/31 (33) HPs)
             Began as a Merfolk Shapeshifter on Jan 20, 2024.
             Was an Initiate of Makhleb.
             Slain by an iguana (8 damage)
             ... on level 3 of the Dungeon.
             The game lasted 00:04:00 (1859 turns).

bpung the Changeling (Merfolk Shapeshifter)         Turns: 1859, Time: 00:04:01

HP:   0/31 (33)     AC: 10    Str: 20    XL:     4   Next: 75%
MP:   4/4           EV:  6    Int:  6    God:    Makhleb [......]
Gold: 127           SH:  0    Dex: 12    Spells: 3/3 levels left

rFire   . .          .
                       - Unarmed
rCold   . . .        (no shield)
rNeg    . . .        e - +0 plate armour
rPois   +            (helmet currently unavailable)
rElec   .            (cloak currently unavailable)
rCorr   .            (gloves currently unavailable)
SInv    .            (boots currently unavailable)
Will    .....        (no amulet) Stlth
                     (no ring)
HPRegen 0.25/turn    (no ring)
MPRegen 0.09/turn

%: clarity
@: beast-form, drained
A: beast (slay +2), (nimble swimmer 2), mertail, clarity, dopey 1, poison
resistance, strong 1
a: Begin Untransformation, Renounce Religion


You were on level 3 of the Dungeon.
You worshipped Makhleb.
Makhleb was noncommittal.
You were a hulking beast.
You visited 1 branch of the dungeon, and saw 3 of its levels.

You collected 127 gold pieces.

Inventory:

Missiles
 g - 8 poisoned darts (quivered)
Armour
 e - a +0 plate armour (worn)
 f - a +0 cloak
 l - a +0 hat
Talismans
 c - a beast talisman
 d - a flux talisman
Wands
 h - a wand of roots (9)
Scrolls
 a - a scroll of identify
 i - a scroll of enchant weapon {unknown}
 j - a scroll of teleportation
 k - a scroll of torment {unknown}
Potions
 b - a potion of curing


   Skills:
 + Level 2.2 Fighting
 + Level 3.7 Dodging
 + Level 3.9 Unarmed Combat
 * Level 5.2 Shapeshifting


You had 3 spell levels left.
You didn't know any spells.
Your spell library contained the following spells:

 Spells                   Type           Power      Damage    Failure   Level
 Blink                    Tloc           0%         N/A       100%        2
 Jinxbite                 Hex            0%         N/A       100%        2
 Lesser Beckoning         Tloc           0%         N/A       100%        2
 Momentum Strike          Conj/Tloc      0%         3d8       100%        2
 Summon Forest            Summ/Tloc      0%         N/A       100%        5
 Yara's Violent Unravell  Hex/Alch       0%         3d3       100%        5
 Eringya's Noxious Bog    Alch           0%         4d6       100%        6
 Enfeeble                 Hex            0%         N/A       100%        7
 Summon Hydra             Summ           0%         N/A       100%        7


Dungeon Overview and Level Annotations

Branches:
Dungeon (3/15)

Altars:
Makhleb


Innate Abilities, Weirdness & Mutations

You are a hulking beast.
Your limbs bulge with bestial killing power. (Slay +2)
((You are very nimble when in or above water. (Stealth+, EV+, Speed+++)))
Your lower body shifts to a powerful aquatic tail in water.
You possess an exceptional clarity of mind.
You are dopey. (Int -2)
Your system is resistant to poisons. (rPois)
Your muscles are strong. (Str +4, Int/Dex -1)


Message History

A rat comes into view. x2
The rat moves out of view.
The rat squeaks loudly. x2; You hear a loud squeak. x2
A rat comes into view.
The endoplasm completely misses you.
A rat comes into view.
You hit the endoplasm.
The endoplasm is moderately wounded.
The iguana barely misses you. The endoplasm hits you.
A rat comes into view.
The iguana bites you but does no damage.
The iguana bites you!
The endoplasm attacks as it pursues you!
The endoplasm hits you but does no damage.
You hit the endoplasm. You punch the endoplasm.
You kill the endoplasm!
Makhleb accepts your kill.
You hit the rat.
You kill the rat!
Makhleb accepts your kill.
The rat twitches its whiskers.
The iguana barely misses you.
You see here a rat corpse.
You hit the iguana.
The iguana is lightly wounded.
The iguana bites you.
You punch the iguana!
The iguana is severely wounded.
The iguana bites you!
You hit the iguana.
The iguana is almost dead.
The iguana bites you but does no damage.
You hit the iguana but do no damage.
The iguana is almost dead.
The iguana bites you.
* * * LOW HITPOINT WARNING * * *
You closely miss the iguana.
The iguana is almost dead.
The iguana bites you!
You die...

####.## #.#.##
......# #....#
####.## ###.##
### #.# #.#
#### ##.# ...#
#..# .#.# #.##
.#.# r# #h# #
.#.##
.r..###l##.##.#
#...#
#rr.rr......#
#####
#.###.##.....
#.# #........
..## #..##./.#
.#.# #..# .?
#..# #... .
.### #..#.


You could see an iguana and 2 rats.

Vanquished Creatures
  4 gnolls
  An adder (D:3)
  2 ribbon worms (D:2)
  2 bats (D:1)
  3 endoplasms
  A giant cockroach (D:1)
  6 goblins
  3 hobgoblins
  4 jackals (D:3)
  10 kobolds
  2 quokkas
  2 ball pythons (D:3)
  2 frilled lizards
  6 rats
48 creatures vanquished.

Notes
Turn   | Place    | Note
-------+----------+-------------------------------------------
     0 | D:1      | bpung the Merfolk Shapeshifter began the quest for the Orb.
     0 | D:1      | Reached XP level 1. HP: 15/15 MP: 1/1
   286 | D:1      | Reached XP level 2. HP: 21/21 MP: 2/2
   907 | D:1      | Reached XP level 3. HP: 13/27 MP: 3/3
  1144 | D:2      | Reached XP level 4. HP: 20/33 MP: 4/4
  1154 | D:2      | Reached skill level 5 in Shapeshifting
  1276 | D:2      | Found a burning altar of Makhleb.
  1281 | D:2      | Became a worshipper of Makhleb the Destroyer
  1433 | D:2      | Gained mutation: You are dopey. (Int -2) [potion of
                  | mutation]
  1433 | D:2      | Gained mutation: Your muscles are strong. (Str +4, Int/Dex
                  | -1) [potion of mutation]
  1433 | D:2      | Gained mutation: You possess an exceptional clarity of
                  | mind. [potion of mutation]
  1433 | D:2      | Gained mutation: Your system is resistant to poisons.
                  | (rPois) [potion of mutation]
  1859 | D:3      | Slain by an iguana

Illustrated notes

Levels and vault maps discovered:
D:1:      amcnicky_arrival_choice, layout_loops_corners
D:2:      layout_rooms, serial_glass, glass_columns_a, glass_columns_c,
          glass_columns_b, glass_columns_a, glass_columns_a, glass_columns_a,
          basic_altar
D:3:      layout_loops_ring, okawaru_gym_becter,
          shapermc_ecumenical_altar_mp_urbaneastern, minmay_rat_hole

Skill      XL: |  1  2  3  4 |
---------------+-------------+-----
Dodging        | 3 |  3.7
Fighting       | 2 |  2.2
Shapeshifting  | 5 |  5.2
Unarmed Combat | |  3.9

Action                     |  1- 3 |  4- 6 || total
---------------------------+-------+-------++-------
  Melee: Unarmed           |    75 |    64 ||   139
         Punch             |     1 |     1 ||     2
    Use: Scroll            |     3 |       ||     3
         Potion            |     2 |     1 ||     3
 Armour: Animal skin       |    15 |       ||    15
         Plate armour      |    44 |    48 ||    92
  Dodge: Dodged            |    30 |    19 ||    49
